 Dungeon Crawl Stone Soup version 0.29.0-4-gdea44cf6ec (webtiles) character file.

Game seed: 3403885812141390269

1238 LynnLen the Sneak (level 8, 0/40 HPs)
             Began as a Spriggan Enchanter on Aug 27, 2022.
             Killed by nerve-wracking pain
             ... invoked by an orc priest
              (8 damage)
             ... on level 5 of the Dungeon on Aug 28, 2022.
             The game lasted 00:18:04 (5409 turns).

LynnLen the Sneak (Spriggan Enchanter)              Turns: 5409, Time: 00:18:04

Health: 0/40       AC:  2    Str:  4    XL:     8   Next: 25%
Magic:  5/17       EV: 20    Int: 18    God:
Gold:   172        SH: 10    Dex: 16    Spells: 7/18 levels left

rFire   . . .      SeeInvis +   v - +4 short sword
rCold   . . .      Faith    .   u - +0 buckler
rNeg    . . .      Spirit   .   b - +0 robe
rPois   .          Reflect  +   (helmet restricted)
rElec   .          Harm     .   (no cloak)
rCorr   .          Rampage  .   (gloves unavailable)
Will    +....                   (boots unavailable)
Stlth   ++++......              A - amulet of reflection
HPRegen 0.13/turn               j - +4 ring of evasion
MPRegen 0.15/turn               B - ring of wizardry

@: invisible, very quick
A: very small, no large weapons, unfitting armour, see invisible, speed 3
a: no special abilities


You were on level 5 of the Dungeon.
You visited 1 branch of the dungeon, and saw 5 of its levels.

You collected 172 gold pieces.

Inventory:

Hand Weapons
 v - a +4 short sword (weapon)
Missiles
 n - 2 boomerangs
Armour
 b - a +0 robe (worn)
 u - a +0 buckler (worn)
Jewellery
 j - a +4 ring of evasion (left hand)
 s - a ring of willpower
 A - an amulet of reflection (around neck)
 B - a ring of wizardry (right hand)
 E - an amulet of the acrobat
Wands
 x - a wand of iceblast (9)
Scrolls
 a - a scroll of fear {unknown}
 g - a scroll of torment {unknown}
 h - a scroll of immolation {unknown}
 o - 2 scrolls of identify {unknown}
 p - a scroll of vulnerability {unknown}
 q - 2 scrolls of teleportation
 t - a scroll of enchant weapon {unknown}
 w - a scroll of blinking {unknown}
 y - a scroll of poison {unknown}
 C - a scroll of enchant armour {unknown}
 D - a scroll of acquirement {unknown}
Potions
 d - 3 potions of might {unknown}
 e - a potion of degeneration {unknown}
 f - 2 potions of mutation {unknown}
 i - a potion of cancellation {unknown}
 k - 3 potions of ambrosia {unknown}
 l - a potion of berserk rage {unknown}
 r - 2 potions of lignification {unknown}
 z - 2 potions of magic {unknown}
 F - a potion of resistance {unknown}


   Skills:
 + Level 3.2 Fighting
 + Level 2.8 Short Blades
 - Level 2.6 Dodging
 + Level 7.8 Stealth
 + Level 5.6 Spellcasting
 + Level 1.4 Conjurations
 + Level 6.2 Hexes
 + Level 3.1 Ice Magic


You had 7 spell levels left.
You knew the following spells:

 Your Spells              Type           Power      Damage    Failure   Level
a - Ensorcelled Hibernat  Hex/Ice        42%        N/A       2%          2
b - Confusing Touch       Hex            27%        N/A       2%          3
c - Tukima's Dance        Hex            27%        N/A       2%          3
d - Dazzling Flash        Conj/Hex       36%        N/A       7%          3

Your spell library contained the following spells:

 Spells                   Type           Power      Damage    Failure   Level
 Summon Guardian Golem    Hex/Summ       16%        N/A       9%          3
 Beastly Appendage        Tmut           10%        N/A       12%         1
 Summon Small Mammal      Summ           20%        N/A       12%         1
 Scorch                   Fire           10%        2d6       16%         2
 Wereblood                Tmut           5%         N/A       16%         2
 Call Canine Familiar     Summ           5%         N/A       32%         3
 Spider Form              Tmut/Pois      5%         N/A       32%         3
 Flame Wave               Conj/Fire      7%         2d5       58%         4
 Summon Cactus Giant      Summ           2%         N/A       100%        6


Dungeon Overview and Level Annotations

Branches:
Dungeon (5/15)
 Temple: D:4-7

Altars:
Dithmenos
Fedhas
Kikubaaqudgha
Qazlal


Innate Abilities, Weirdness & Mutations

You are very small and have problems with some larger weapons.
You are too small for most types of armour.
You have supernaturally acute eyesight. (SInv)
You cover ground extremely quickly. (Speed+++)


Message History

Press: ? - help, Q - select action, (/) - cycle Shift-Dir - straight line, f/p - orc priest
Aim: an orc priest, wielding a +0 hand axe (chance to affect: 53%)
The orc priest resists with significant effort.
The orc wizard hits you but does no damage.
You block the orc priest's attack.
You fade into invisibility!
The orc wizard gestures at you while chanting.
The magic dart hits you!
* * * LOW HITPOINT WARNING * * *
The orc priest barely misses you.
You hit the orc priest.
The orc priest is moderately wounded.
You block the orc wizard's attack. The orc wizard misses you.
You strike the helpless orc priest from behind!
You puncture the orc priest!
You kill the orc priest!
The orc wizard points at you and mumbles some strange words.
The puff of flame hits you!
* * * LOW HITPOINT WARNING * * *
You feel better. You block the orc wizard's attack.
You feel better. You block the orc wizard's attack.
You hit the orc wizard.
The orc wizard is moderately wounded.
The orc wizard casts a spell at you. The magic dart hits you!
* * * LOW HITPOINT WARNING * * *
You completely miss the orc wizard.
The orc wizard is moderately wounded.
You catch the helpless orc wizard completely off-guard!
You impale the orc wizard!!
You kill the orc wizard!
The orc priest closely misses you.
You barely miss the orc priest. The orc priest hits you with a +0 club.
* * * LOW HITPOINT WARNING * * *
You catch the helpless orc priest completely off-guard!
You puncture the orc priest!
The orc priest is almost dead.
The orc priest calls down the wrath of Beogh upon you.
Pain shoots through your body!
You die...

##..................#....
##..#.#...#............#.
##.......######...####.#
...##.#### #...# ..... .
#####.# #...# .#.##. # #
#.# #...# # #... .#
#####.# ##.## #.#..# ..#
......# #.# s#..##..#
####### ## #@## .......#
# .. #)o# #####†..####
##.###.####...........
#..oo.†.....###...####
#......)....### #.###
#.##..###.#.# #.# #.##..
#.#.# #.# ......###.#.#
... .###.......# ...


You could see an orc priest (unable to see you).

Vanquished Creatures
  Menkaure (D:4)
  4 black bears (D:5)
  A phantom (D:5)
  A necrophage (D:4)
  2 scorpions (D:5)
  2 jellies (D:5)
  A gnoll bouda (D:4)
  3 orc priests
  2 hounds (D:4)
  An iguana (D:2)
  An orc wizard (D:5)
  4 gnolls
  6 adders
  An ufetubus (D:4)
  2 worms (D:2)
  5 dart slugs
  13 orcs
  9 bats
  8 endoplasms
  4 giant cockroaches
  14 goblins
  6 hobgoblins
  3 jackals (D:1)
  6 kobolds
  7 quokkas
  8 ball pythons
  A frilled lizard (D:2)
  5 rats
121 creatures vanquished.

Vanquished Creatures (others)
  A plant (D:3)
  4 withered plants (D:3)
5 creatures vanquished.

Grand Total: 126 creatures vanquished

Notes
Turn   | Place    | Note
-------+----------+-------------------------------------------
     0 | D:1      | LynnLen the Spriggan Enchanter began the quest for the Orb.
     0 | D:1      | Reached XP level 1. HP: 9/9 MP: 5/5
   354 | D:1      | Reached XP level 2. HP: 14/14 MP: 6/6
   360 | D:1      | Learned a level 2 spell: Ensorcelled Hibernation
  1091 | D:1      | Reached XP level 3. HP: 17/17 MP: 1/8
  1095 | D:1      | Learned a level 3 spell: Confusing Touch
  1099 | D:1      | Learned a level 3 spell: Tukima's Dance
  1466 | D:2      | Reached skill level 5 in Stealth
  1561 | D:2      | Reached skill level 1 in Fighting
  1889 | D:2      | Found a faded altar of an unknown god.
  1989 | D:2      | Reached XP level 4. HP: 21/22 MP: 10/10
  2083 | D:2      | Reached skill level 1 in Ice Magic
  2740 | D:3      | Found a blossoming altar of Fedhas.
  2743 | D:3      | Found an ancient bone altar of Kikubaaqudgha.
  3165 | D:3      | Reached XP level 5. HP: 25/25 MP: 8/11
  3494 | D:4      | Reached skill level 6 in Stealth
  3615 | D:4      | Noticed an air elemental
  3621 | D:4      | Reached XP level 6. HP: 30/30 MP: 7/13
  3623 | D:4      | Found a stormy altar of Qazlal.
  3625 | D:4      | Noticed a water elemental
  3625 | D:4      | Noticed a fire elemental
  3755 | D:4      | Reached skill level 5 in Hexes
  3778 | D:4      | Noticed Menkaure
  3896 | D:4      | Killed Menkaure
  3897 | D:4      | Reached XP level 7. HP: 10/35 MP: 0/15
  3906 | D:4      | Learned a level 3 spell: Dazzling Flash
  4712 | D:5      | Entered Level 5 of the Dungeon
  4768 | D:5      | Reached skill level 7 in Stealth
  4768 | D:5      | Reached skill level 5 in Spellcasting
  4858 | D:5      | Found a shadowy altar of Dithmenos.
  5193 | D:5      | Reached skill level 1 in Conjurations
  5337 | D:5      | Reached XP level 8. HP: 40/40 MP: 12/17
  5409 | D:5      | Killed from afar by an orc priest

Illustrated notes

Levels and vault maps discovered:
D:1:      dpeg_arrival_simpleton_c, layout_basic, chequers_serial_rivers_room_a
D:2:      layout_basic, shapermc_ecumenical_altar_totnotflames
D:3:      layout_rooms, grunt_temple_overflow_growth_and_decay
D:4:      layout_gridville, nicolae_qazlal_style_of_elements,
          nrook_loot_triangle, uniq_menkaure
D:5:      layout_loops_cross, mainiacjoe_overflow_six_doors_small

Skill      XL: |  1  2  3  4  5  6  7  8 |
---------------+-------------------------+-----
Spellcasting   | 3 4 5 |  5.6
Hexes          | 4 5 6 |  6.2
Stealth        | 5 6 7 |  7.8
Fighting       | 1 2 3 |  3.2
Ice Magic      | 1 2 3 |  3.1
Short Blades   | 2 |  2.8
Conjurations   | 1 |  1.4
Dodging        | |  2.6

Action                   |  1- 3 |  4- 6 |  7- 9 || total
-------------------------+-------+-------+-------++-------
Melee: Dagger            |   102 |    33 |       ||   135
       Short sword       |       |   111 |    60 ||   171
 Cast: Ensorcelled Hiber |    18 |    39 |    21 ||    78
       Confusing Touch   |       |     3 |     2 ||     5
  Use: Potion            |       |     4 |     3 ||     7
       Scroll            |       |       |     1 ||     1
 Stab: Sleeping          |    17 |    23 |    16 ||    56
       Invisible         |       |     1 |     3 ||     4
       Confused          |       |     1 |     1 ||     2
Armor: Robe              |    12 |     7 |     3 ||    22
Dodge: Dodged            |    88 |   112 |    30 ||   230
Block: Buckler           |       |    45 |    34 ||    79
       Reflection        |       |       |     1 ||     1
